 Dungeon Crawl Stone Soup version 0.19.0-2-gae57169 (webtiles) character file.

815 Dioneo the Ruffian (level 7, -2/70 HPs)
             Began as a Troll Monk on Nov 6, 2016.
             Was a Follower of Ru.
             Killed from afar by an orc wizard (7 damage)
             ... with a puff of flame
             ... on level 6 of the Dungeon.
             The game lasted 00:15:01 (3899 turns).

Dioneo the Ruffian (Troll Monk)                     Turns: 3899, Time: 00:15:02

Health: -2/70      AC:  5    Str: 26    XL:     7   Next: 62%
Magic:  6/6        EV: 11    Int:  8    God:    Ru [*.....]
Gold:   298        SH:  0    Dex: 13    Spells: 0 memorised, 6 levels left

rFire  . . .     SeeInvis .       - Unarmed
rCold  . . .     Gourm    +     a - +0 robe
rNeg   . . .     Faith    .     (no shield)
rPois  .         Spirit   .     (helmet restricted)
rElec  .         Reflect  .     (no cloak)
rCorr  .         Harm     .     (gloves unavailable)
MR     .....                    (boots unavailable)
Stlth  +.........               (no amulet)
                                (no ring)
                                y - ring of flight

@: confused, mighty, about to teleport, no potions, drained
A: unfitting armour, claws 3, clever 1, fast metabolism 3, gourmand,
regeneration 1, shaggy fur 1, tough skin 2, inability to drink while threatened
a: Renounce Religion, Evoke Flight


You were on level 6 of the Dungeon.
You worshipped Ru.
Ru was aware of your devotion.
You were completely stuffed.

You visited 1 branch of the dungeon, and saw 6 of its levels.

You collected 298 gold pieces.

Inventory:

Missiles
 k - 23 poisoned needles
Armour
 a - a +0 robe (worn)
Jewellery
 y - a ring of flight (left claw)
 z - an uncursed amulet of harm
Wands
 p - a wand of flame (30/48)
Scrolls
 c - 2 scrolls of fear {unknown}
 e - a scroll of teleportation
 h - 9 scrolls of remove curse
 i - 3 scrolls of enchant weapon {unknown}
 j - a scroll of amnesia {unknown}
 l - a scroll of noise {unknown}
 w - a scroll of vulnerability {unknown}
 x - 2 scrolls of enchant armour {unknown}
 A - a scroll of immolation {unknown}
Potions
 d - 3 potions of lignification
 f - 2 potions of heal wounds
 m - 4 potions of flight
 s - a potion of cure mutation
 t - 2 potions of cancellation
 u - 3 potions of agility
 v - a potion of haste
Comestibles
 b - 3 bread rations
 g - 2 slices of pizza
 n - 4 fruits
 q - 2 meat rations


   Skills:
 + Level 4.2(3.4) Fighting
 + Level 4.2(3.4) Dodging
 - Level 1.0(0.3) Stealth
 * Level 7.0(6.1) Unarmed Combat


You had 6 spell levels left.
You didn't know any spells.

Dungeon Overview and Level Annotations

Branches:
Dungeon (6/15)
 Temple: D:4-7

Altars:
Ashenzari
Elyvilon
Ru

Shops:
D:4 *


Innate Abilities, Weirdness & Mutations

You are too large for most types of armour.
You have claws for hands.
Your metabolism is lightning-fast.
You like to eat raw meat.
Your natural rate of healing is unusually fast.
You are covered in fur. (AC +1)
You have very tough skin. (AC +2)
You cannot drink potions while threatened.
Your mind is acute. (Int +2)


Message History

The orc wizard mumbles some strange words.
The orc wizard blinks!
The orc wizard casts a spell.
As you read the scroll of teleportation, it crumbles to dust.
You feel strangely unstable.
You hear some strange, mumbled words.
You are confused.
The orc wizard mumbles some strange words.
The orc wizard blinks!
You're too confused to move!
You feel yourself speed up. Something hits you.
* * * LOW HITPOINT WARNING * * *
Something hits you.
* * * LOW HITPOINT WARNING * * *
You barely miss something.
You hear some strange, mumbled words.
A puff of flame appears from out of thin air!
The puff of flame hits you!
You die...

#..........#
#...#
#..........#
#####
#..........#
##.........#
##......###
## ##....##
#. ##.#.# #.
###$## #.
##@# ## #{#
#o. ....
....# ....o#
.....#
#.....#


You could see an orc wizard and an orc.

Vanquished Creatures
  An orc warrior (D:6)
  2 centaurs (D:5)
  2 crimson imps (D:6)
  A bullfrog zombie (D:6)
  A jelly (D:5)
  2 orc priests (D:4)
  An iguana (D:4)
  5 orc wizards
  2 worker ants (D:5)
  2 worker ant zombies (D:5)
  Robin (D:3)
  3 adders
  3 oozes
  An adder skeleton (D:5)
  3 dart slugs
  3 leopard geckos (D:2)
  6 orcs
  4 giant cockroaches
  21 goblins
  3 hobgoblins
  3 jackals (D:4)
  10 bats
  3 frilled lizards
  10 kobolds
  8 rats
101 creatures vanquished.

Notes
Turn   | Place    | Note
-------+----------+-------------------------------------------
     0 | D:1      | Dioneo the Troll Monk began the quest for the Orb.
     0 | D:1      | Reached XP level 1. HP: 22/22 MP: 0/0
    97 | D:1      | Reached XP level 2. HP: 29/29 MP: 1/1
   968 | D:2      | Reached XP level 3. HP: 31/36 MP: 2/2
  1412 | D:3      | Reached skill level 4 in Unarmed Combat
  1448 | D:3      | Noticed Robin
  1473 | D:3      | Killed Robin
  1473 | D:3      | Reached XP level 4. HP: 42/44 MP: 3/3
  1640 | D:3      | Found a white marble altar of Elyvilon.
  2140 | D:3      | Gained mutation: Your mind is acute. (Int +2) [potion of beneficial mutation]
  2167 | D:4      | Found a shattered altar of Ashenzari.
  2225 | D:4      | Reached XP level 5. HP: 53/53 MP: 4/4
  2245 | D:4      | Reached skill level 5 in Unarmed Combat
  2478 | D:4      | Found Pezel's Assorted Antiques.
  2527 | D:4      | Reached XP level 6. HP: 61/61 MP: 5/5
  2906 | D:5      | Entered Level 5 of the Dungeon
  3213 | D:5      | Found a sacrificial altar of Ru.
  3225 | D:5      | Became a worshipper of Ru the Awakened
  3258 | D:5      | Gained mutation: You cannot drink potions while threatened. [Ru sacrifice]
  3258 | D:5      | Reached * piety under Ru
  3492 | D:5      | Reached skill level 6 in Unarmed Combat
  3528 | D:5      | Reached XP level 7. HP: 68/68 MP: 6/6
  3896 | D:6      | Reached skill level 7 in Unarmed Combat
  3899 | D:6      | Killed from afar by an orc wizard

Skill      XL: |  1  2  3  4  5  6  7 |
---------------+----------------------+-----
Unarmed Combat | 4 5 6 7 |  7.0
Fighting       | 3 4 |  4.2
Dodging        | 3 4 |  4.2
Stealth        | |  1.0

Action                   |  1- 3 |  4- 6 |  7- 9 || total
-------------------------+-------+-------+-------++-------
Melee: Unarmed           |    94 |   146 |    52 ||   292
       Punch             |     2 |     3 |     1 ||     6
Invok: Sacrifice Drink   |       |     1 |       ||     1
  Use: Scroll            |     1 |     9 |     2 ||    12
       Potion            |       |     1 |     1 ||     2
 Stab: Sleeping          |     2 |     1 |       ||     3
       Distracted        |       |     1 |       ||     1
  Eat: Chunk             |    14 |    21 |     4 ||    39
       Beef jerky        |     1 |       |     1 ||     2
Armor: Robe              |    57 |    28 |    16 ||   101
Dodge: Dodged            |    67 |    79 |    25 ||   171
